 Dungeon Crawl Stone Soup version 0.28.0 (webtiles) character file.

Game seed: 16022794649423672775

134 thesequoiad the Skirmisher (level 4, 0/41 HPs)
             Began as a Minotaur Fighter on Feb 20, 2022.
             Slain by Grinder (8 damage)
             ... on level 3 of the Dungeon.
             The game lasted 00:03:51 (1493 turns).

thesequoiad the Skirmisher (Minotaur Fighter)       Turns: 1493, Time: 00:03:52

Health: 0/41       AC:  8    Str: 20    XL:     4   Next: 95%
Magic:  3/3        EV: 10    Int:  7    God:
Gold:   70         SH:  4    Dex: 10    Spells: 3/3 levels left

rFire   + + .      SeeInvis .   a - +0 war axe
rCold   . . .      Faith    .   c - +0 buckler
rNeg    . . .      Spirit   .   m - +2 ring mail of the Raven {rF++ Str-2 Int+2}
rPois   .          Reflect  .   (helmet restricted)
rElec   .          Harm     .   (no cloak)
rCorr   .          Rampage  .   (no gloves)
Will    .....                   (no boots)
Stlth   ..........              (no amulet)
HPRegen 0.13/turn               (no ring)
MPRegen 0.08/turn               (no ring)

@: mighty
A: horns 2, retaliatory headbutt
a: no special abilities


You were on level 3 of the Dungeon.
You visited 1 branch of the dungeon, and saw 3 of its levels.

You collected 70 gold pieces.

Inventory:

Hand Weapons
 a - a +0 war axe (weapon)
 e - a +2 dagger of venom
Armour
 b - a +0 scale mail
 c - a +0 buckler (worn)
 m - the +2 ring mail of the Raven (worn) {rF++ Str-2 Int+2}
   (You found it on level 2 of the Dungeon)

   Str:       It affects your strength (-2).
   Int:       It affects your intelligence (+2).
   rF:        It greatly protects you from fire.
Scrolls
 g - a scroll of immolation {unknown}
 l - a scroll of amnesia {unknown}
 p - a scroll of enchant weapon {unknown}
 q - a scroll of teleportation {unknown}
 r - a scroll of identify {unknown}
Potions
 f - a potion of magic {unknown}
 h - a potion of ambrosia {unknown}
 i - a potion of berserk rage {unknown}
 j - 2 potions of flight {unknown}
 k - a potion of attraction {unknown}
 n - a potion of degeneration {unknown}
 o - 2 potions of curing {unknown}
 s - 2 potions of heal wounds {unknown}


   Skills:
 + Level 4.6 Fighting
 + Level 3.7 Axes
 + Level 4.6 Armour
 + Level 4.6 Shields


You had 3 spell levels left.
You didn't know any spells.
Your spell library contained the following spells:

 Spells                   Type           Power      Damage    Failure   Level
 Foxfire                  Conj/Fire      0%         2x1d4     69%         1
 Magic Dart               Conj           0%         1d3       69%         1
 Call Imp                 Summ           0%         N/A       83%         2
 Conjure Flame            Conj/Fire      0%         6-21      96%         3
 Inner Flame              Hex/Fire       0%         N/A       96%         3
 Mephitic Cloud           Conj/Pois/Air  0%         N/A       96%         3
 Flame Wave               Conj/Fire      0%         2d4       100%        4


Dungeon Overview and Level Annotations

Branches:
Dungeon (3/15)

Altars:

Annotations:
D:3 Grinder


Innate Abilities, Weirdness & Mutations

You have a pair of horns on your head.
You reflexively headbutt those who attack you in melee.


Message History

You feel sick. The adder barely misses you.
You hit the adder.
The adder is poisoned.
Your headbutt misses the adder.
The adder is heavily wounded.
You feel sick. You block the adder's attack.
You barely miss the adder.
The adder is severely wounded.
You feel sick. The adder bites you but does no damage. The adder bites you.
You hit the adder.
You kill the adder!
You feel sick. Grinder gestures at you. Pain shoots through your body!
Unknown command.
Your +2 dagger of venom stops dripping with poison.
a - a +0 war axe (weapon)
You slash Grinder! You headbutt Grinder.
Grinder is moderately wounded.
You feel sick.
You are no longer poisoned.
Grinder gestures at you. Pain shoots through your body!
You slash Grinder! You headbutt Grinder.
Grinder is severely wounded.
Grinder gestures at you. Pain shoots through your body!
You are too injured to fight recklessly!
You hit Grinder.
Grinder is almost dead.
Grinder hits you.
* * * LOW HITPOINT WARNING * * *
You writhe in agony.
* * * LOW HITPOINT WARNING * * *
Grinder hits you but does no damage.
You barely miss Grinder.
Grinder is almost dead.
Grinder hits you.
* * * LOW HITPOINT WARNING * * *
You feel very mighty all of a sudden. Grinder hits you!
You die...

#.# #.# #.#
#.# #.#### #.#
#....# #.#
####.# #.#
#####.# #.#
#...... #5#
#.##### #@#
#.# #.# #.#
#.# #.#
#.##########.#
#............#
##############


You could see Grinder.

Vanquished Creatures
  A centaur zombie (D:3)
  Robin (D:1)
  A gnoll (D:2)
  3 adders
  2 dart slugs
  3 endoplasms
  3 giant cockroaches
  5 hobgoblins
  2 kobolds
  A quokka (D:1)
  2 ball pythons (D:1)
  2 bats (D:1)
  5 frilled lizards
  13 goblins
  5 rats
49 creatures vanquished.

Notes
Turn   | Place    | Note
-------+----------+-------------------------------------------
     0 | D:1      | thesequoiad the Minotaur Fighter began the quest for the
                  | Orb.
     0 | D:1      | Reached XP level 1. HP: 19/19 MP: 0/0
   114 | D:1      | Reached XP level 2. HP: 22/27 MP: 1/1
   339 | D:1      | Found a faded altar of an unknown god.
   576 | D:2      | Noticed Robin
   594 | D:1      | Reached XP level 3. HP: 29/33 MP: 2/2
   663 | D:1      | Killed Robin
   941 | D:2      | Identified the +2 ring mail of the Raven {rF++ Str-2 Int+2}
   985 | D:2      | Reached XP level 4. HP: 41/41 MP: 3/3
  1483 | D:3      | Noticed Grinder
  1493 | D:3      | Slain by Grinder

Illustrated notes

Levels and vault maps discovered:
D:1:      psy_arrival_terrarium, layout_basic,
          hellmonk_ecumenical_altar_leap_of_faith
D:2:      minmay_door_path, layout_rooms, uniq_robin
D:3:      layout_basic, nemelex_diamond_rough_becter,
          chequers_serial_rivers_micro_a, uniq_sigmund, uniq_grinder

Skill      XL: |  1  2 |
---------------+-------+-----
Armour         | 4 |  4.6
Fighting       | 4 |  4.6
Shields        | 4 |  4.6
Axes           | 3 |  3.7

Action                   |  1- 3 |  4- 6 || total
-------------------------+-------+-------++-------
Melee: Dagger            |    67 |    14 ||    81
       Headbutt          |    15 |     4 ||    19
       War axe           |     2 |     9 ||    11
  Use: Potion            |       |     1 ||     1
Armor: Scale mail        |    34 |       ||    34
       Ring mail         |     3 |    14 ||    17
Dodge: Dodged            |    39 |    14 ||    53
Block: Buckler           |     9 |     1 ||    10
